 Dungeon Crawl Stone Soup version 0.18-b1-14-g029dad2 (webtiles) character file.

258 shmeve the Skirmisher (level 5, -6/48 HPs)
             Began as a Minotaur Berserker on Apr 30, 2016.
             Was a Priest of Trog.
             Mangled by an ogre
             ... wielding a +0 giant club
              (22 damage)
             ... on level 4 of the Dungeon on May 1, 2016.
             The game lasted 00:12:22 (2267 turns).

shmeve the Skirmisher (Minotaur Berserker)          Turns: 2267, Time: 00:12:23

Health: -6/48      AC: 11    Str: 22    XL:     5   Next: 94%
Magic:  4/4        EV:  8    Int:  5    God:    Trog [***...]
Gold:   194        SH:  0    Dex:  9    Spells: 0 memorised, 4 levels left

rFire  . . .     SeeInvis .     a - +0 hand axe
rCold  . . .     Gourm    .     g - +0 chain mail
rNeg   . . .     Faith    .     (no shield)
rPois  .         Spirit   .     (helmet restricted)
rElec  .         Dismiss  .     (no cloak)
rCorr  .         Reflect  .     (no gloves)
SustAt .         Harm     .     q - +1 pair of boots
MR     .....                    (no amulet)
Stlth  ..........               (no ring)
                                (no ring)

@: not resistant to hostile enchantments, extremely unstealthy
A: retaliatory headbutt, horns 2
a: Berserk, Trog's Hand, Burn Spellbooks, Renounce Religion


You were on level 4 of the Dungeon.
You worshipped Trog.
Trog was most pleased with you.
You were hungry.

You visited 1 branch of the dungeon, and saw 4 of its levels.

You collected 194 gold pieces.

Inventory:

Hand Weapons
 a - a +0 hand axe (weapon)
Armour
 g - a +0 chain mail (worn)
 q - a +1 pair of boots (worn)
Wands
 e - a wand of acid (9/15)
Scrolls
 d - 6 scrolls of identify {unknown}
 h - a scroll of enchant armour {unknown}
 j - a scroll of random uselessness {unknown}
 o - 2 scrolls of remove curse {unknown}
 r - a scroll of noise {unknown}
Potions
 b - 2 potions of curing {unknown}
 f - 3 potions of heal wounds {unknown}
 k - a potion of lignification {unknown}
 m - a potion of haste {unknown}
 n - a potion of experience {unknown}
 p - a potion of resistance {unknown}
Comestibles
 c - 4 bread rations
 i - 2 slices of pizza
 l - a beef jerky


   Skills:
 * Level 5.4 Fighting
 * Level 5.2 Axes
 + Level 1.9 Throwing
 + Level 3.4 Armour
 + Level 3.2 Dodging


You had 4 spell levels left.
You didn't know any spells.

Dungeon Overview and Level Annotations

Branches:
Dungeon (4/15)
 Temple: D:4-7

Altars:
Trog


Innate Abilities, Weirdness & Mutations

You reflexively headbutt those who attack you in melee.
You have a pair of horns on your head.


Message History

The ogre closely misses you.
Found a stone staircase leading down.
You see here 11 arrows.
You hit the ogre.
You headbutt the ogre, but do no damage.
The ogre is lightly wounded.
The ogre closely misses you.
You slash the ogre!
The ogre is moderately wounded.
The ogre hits you with a giant club!
You hit the ogre. Your headbutt misses the ogre.
The ogre is heavily wounded.
The ogre hits you with a giant club!!
You hit the ogre.
The ogre is severely wounded.
You hit the ogre.
The ogre is almost dead.
You are feeling hungry.
The ogre hits you with a giant club!!
You die...

### #.#### ##.##.#
####### #.....#
#.....#######.##.#
##..#.........##.#
#..#.##########.#
#@.#.# #........#
#O.#.# #.#####..#
.....# #. ####..##
.#..#.# #.
#....... ..##.#.#
#.###.#.### ><
..#.# #.#.#.#.###
...
.....#..........
...
................
...#.###.#.#.###


You could see an ogre.

Vanquished Creatures
  A hound (D:4)
  An orc wizard (D:3)
  Robin (D:3)
  4 gnolls
  6 adders
  A howler monkey skeleton (D:4)
  An ooze (D:3)
  2 worms
  2 dart slugs (D:1)
  3 giant geckos
  5 orcs
  5 bats
  3 giant cockroaches
  6 hobgoblins
  6 jackals
  3 kobolds
  A quokka (D:2)
  6 giant newts
  13 goblins
  5 rats
75 creatures vanquished.

Notes
Turn   | Place    | Note
--------------------------------------------------------------
     0 | D:1      | shmeve the Minotaur Berserker began the quest for the Orb.
     0 | D:1      | Reached XP level 1. HP: 19/19 MP: 0/0
   165 | D:1      | Reached XP level 2. HP: 21/27 MP: 1/1
   493 | D:1      | Reached skill level 1 in Throwing
   590 | D:2      | Reached XP level 3. HP: 33/33 MP: 2/2
   684 | D:2      | Found a faded altar to an unknown god.
   691 | D:2      | Reached ** piety under Trog
   980 | D:2      | Reached XP level 4. HP: 29/41 MP: 3/3
  1452 | D:3      | Noticed Robin
  1459 | D:3      | Killed Robin
  1612 | D:3      | Reached XP level 5. HP: 41/47 MP: 4/4
  1664 | D:3      | Found a bloodstained altar of Trog.
  1680 | D:3      | Reached skill level 5 in Fighting
  1683 | D:3      | Reached *** piety under Trog
  1896 | D:3      | Reached skill level 5 in Axes
  2259 | D:4      | Noticed an ogre
  2267 | D:4      | Mangled by an ogre

Skill      XL: |  1  2  3  4  5 |
---------------+----------------+-----
Throwing       | 1 |  1.9
Fighting       | 4 5 |  5.4
Axes           | 4 5 |  5.2
Armour         | 3 |  3.4
Dodging        | 3 |  3.2

Action                   |  1- 3 |  4- 6 || total
-------------------------+-------+-------++-------
Melee: Hand axe          |    73 |   111 ||   184
       Headbutt          |    13 |    16 ||    29
Invok: Burn Spellbooks   |     1 |       ||     1
       Berserk           |       |     1 ||     1
  Eat: Chunk             |       |     5 ||     5
Armor: Animal skin       |     4 |       ||     4
       Chain mail        |    43 |    60 ||   103
Dodge: Dodged            |    37 |    49 ||    86
